[Event "Queens Festival Europe 2022"]
[Site "Tornelo"]
[Date "2022.06.19"]
[Round "4.4"]
[White "Sikorova, Olga"]
[Black "Okuyaz, Duru"]
[Result "0-1"]
[ECO "A14"]
[WhiteElo "2173"]
[BlackElo "2090"]
[Annotator "NA RC"]
[PlyCount "70"]
[EventDate "2022.06.19"]
[EventType "swiss"]
[EventCountry "NET"]
[SourceTitle "playchess.com"]
[Source "ChessBase"]
[SourceQuality "1"]
[TimeControl "180+2"]

1. c4 c6 2. g3 d5 3. Bg2 Nf6 4. Nf3 e6 5. b3 Be7 6. Bb2 O-O 7. O-O Nbd7 8. d3 a5 9. a3 b5 10. Nd4 Qb6 11. cxb5 cxb5 12. Nd2 Bb7 13. Rc1 Bc5 14. e3 e5 15. N4f3 Rfe8 16. Rc2 e4 17. dxe4 dxe4 18. Nd4 Ne5 19. Nf5 Nd3 20. Ba1 Rad8 21. Qb1 g6 22. Nh6+ Kf8 23. a4 Bxe3 24. Bxf6 Bxf2+ 25. Kh1 Qxf6 26. Ng4 Qb6 27. axb5 e3 28. Nc4 Bxg2+ 29. Kxg2 Qb7+ 30. Kh3 Nf4+ 31. Kh4 g5+ 32. Kxg5 Qd5+ 33. Nge5 Rxe5+ 34. Nxe5 Qxe5+ 35. Kg4 h5+ 0-1

[Event "Queens Festival Europe 2022"]
[Site "Tornelo"]
[Date "2022.06.19"]
[Round "4.4"]
[White "Sava, Ana-Maria"]
[Black "Malikova, Ulviyya"]
[Result "0-1"]
[ECO "B41"]
[WhiteElo "1916"]
[BlackElo "1805"]
[Annotator "NA RC"]
[PlyCount "62"]
[EventDate "2022.06.19"]
[EventType "swiss"]
[EventCountry "NET"]
[SourceTitle "playchess.com"]
[Source "ChessBase"]
[SourceQuality "1"]
[TimeControl "180+2"]

1. e4 c5 2. Nf3 e6 3. d4 cxd4 4. Nxd4 a6 5. a4 Nf6 6. Nc3 Bb4 7. Bd3 Bxc3+ 8. bxc3 d6 9. Bg5 h6 10. Bh4 e5 11. Nb3 Be6 12. O-O g5 13. Bg3 h5 14. h3 h4 15. Bh2 g4 16. hxg4 Nxg4 17. Qf3 Nd7 18. Nd2 Rc8 19. Qe2 Rxc3 20. f4 Nxh2 21. Kxh2 exf4 22. Rxf4 Qg5 23. Qf2 Ne5 24. Rb1 Ng4+ 25. Rxg4 Qxg4 26. Rxb7 Rg8 27. Rb8+ Rc8 28. Rb7 Qg5 29. Nc4 Rxc4 30. Bxc4 Bxc4 31. Rb8+ Kd7 0-1

[Event "Queens Festival Europe 2022"]
[Site "Tornelo"]
[Date "2022.06.19"]
[Round "4.4"]
[White "van den Brink, Nienke"]
[Black "Vicze, Zsofia"]
[Result "0-1"]
[ECO "B56"]
[WhiteElo "1771"]
[BlackElo "1749"]
[Annotator "NA RC"]
[PlyCount "120"]
[EventDate "2022.06.19"]
[EventType "swiss"]
[EventCountry "NET"]
[SourceTitle "playchess.com"]
[Source "ChessBase"]
[SourceQuality "1"]
[TimeControl "180+2"]

1. e4 c5 2. Nf3 Nc6 3. d4 cxd4 4. Nxd4 Nf6 5. Nc3 d6 6. f3 e5 7. Nb3 Be6 8. Be3 Be7 9. Qd2 a5 10. a4 O-O 11. O-O-O Nb4 12. g4 Qc7 13. Kb1 Nd7 14. h4 Nc5 15. Nb5 Nxb3 16. Nxc7 Nxd2+ 17. Rxd2 Rac8 18. Nxe6 fxe6 19. c3 Nc6 20. Bb5 Rxf3 21. Bb6 Rf4 22. Bc4 Rcf8 23. Bxe6+ Kh8 24. Re2 h6 25. Bf5 g6 26. Bxg6 Rxg4 27. h5 Bg5 28. Bf5 Rh4 29. Rd1 Be7 30. Be3 Rxh5 31. Bg6 Rh4 32. Rg1 h5 33. Bf5 Rg8 34. Rf1 Rg7 35. Bd2 Bg5 36. Be1 Rf4 37. Rh1 h4 38. Reh2 Ne7 39. Bxh4 Bxh4 40. Rxh4+ Rxh4 41. Rxh4+ Kg8 42. Rg4 Rxg4 43. Bxg4 b6 44. Kc2 Kg7 45. Kd3 Kf6 46. Kc4 Kg5 47. Bf5 Nxf5 48. exf5 Kxf5 49. Kd5 e4 50. Kxd6 e3 51. Kc6 e2 52. Kxb6 e1=Q 53. c4 Qb4+ 54. Kc6 Qxc4+ 55. Kb6 Qxa4 56. b3 Qxb3+ 57. Kxa5 Ke5 58. Ka6 Kd6 59. Ka5 Kc6 60. Ka6 Qa3# 0-1

[Event "Queens Festival Europe 2022"]
[Site "Tornelo"]
[Date "2022.06.19"]
[Round "4.4"]
[White "Valiyeva, Asnad"]
[Black "Strnadova, Monika"]
[Result "1-0"]
[ECO "A48"]
[WhiteElo "1237"]
[BlackElo "1518"]
[Annotator "NA RC"]
[PlyCount "77"]
[EventDate "2022.06.19"]
[EventType "swiss"]
[EventCountry "NET"]
[SourceTitle "playchess.com"]
[Source "ChessBase"]
[SourceQuality "1"]
[TimeControl "180+2"]

1. d4 Nf6 2. Bf4 g6 3. e3 Bg7 4. Nf3 d6 5. Be2 O-O 6. c3 Nbd7 7. O-O c5 8. Nbd2 b6 9. h3 Bb7 10. a4 a5 11. Bh2 Rc8 12. Re1 cxd4 13. exd4 Nd5 14. Bc4 Re8 15. Qb3 N7f6 16. Bb5 Bc6 17. Bxc6 Rxc6 18. Ne4 Nxe4 19. Qxd5 Rc8 20. Qxe4 e6 21. Red1 d5 22. Qe2 Qe7 23. Re1 Qd7 24. Be5 Qc6 25. Bxg7 Kxg7 26. Ne5 Qc7 27. Kh1 f6 28. Nf3 Qf4 29. Qd2 Qf5 30. Nh2 e5 31. dxe5 Rxe5 32. Rxe5 Qxe5 33. Re1 Qd6 34. Qe3 Rc7 35. Ng4 Rf7 36. Qh6+ Kg8 37. Re8+ Rf8 38. Rxf8+ Qxf8 39. Qxf8+ 1-0

[Event "Queens Festival Europe 2022"]
[Site "Tornelo"]
[Date "2022.06.19"]
[Round "4.5"]
[White "Kordzadze, Nino"]
[Black "Amrayeva, Aytan"]
[Result "0-1"]
[ECO "A07"]
[WhiteElo "2043"]
[BlackElo "2143"]
[Annotator "NA RC"]
[PlyCount "82"]
[EventDate "2022.06.19"]
[EventType "swiss"]
[EventCountry "NET"]
[SourceTitle "playchess.com"]
[Source "ChessBase"]
[SourceQuality "1"]
[TimeControl "180+2"]

1. g3 e6 2. Bg2 d5 3. Nf3 f5 4. O-O Nf6 5. b3 c6 6. Bb2 Be7 7. d4 O-O 8. Nbd2 Nbd7 9. Ne5 Bd6 10. e3 Qe7 11. f4 Ne4 12. Ndf3 Ba3 13. Bxa3 Qxa3 14. Qd3 Qd6 15. c4 b6 16. Nd2 Ba6 17. Nxe4 fxe4 18. Qc2 Rac8 19. Rfd1 Nf6 20. c5 bxc5 21. Qxc5 Qxc5 22. dxc5 Rfe8 23. Bf1 Bxf1 24. Kxf1 Kf8 25. Rd4 Ke7 26. Ra4 Rc7 27. Ra6 Rec8 28. Rd1 Nd7 29. Ng4 Nxc5 30. Ra5 Nd3 31. a3 c5 32. Rb5 Rc6 33. Ke2 Rb6 34. Ra5 Rc7 35. Ne5 Rxb3 36. Nxd3 exd3+ 37. Rxd3 Rb2+ 38. Kf3 Rxh2 39. Rc3 c4 40. Ra4 h5 41. e4 h4 0-1

[Event "Queens Festival Europe 2022"]
[Site "Tornelo"]
[Date "2022.06.19"]
[Round "4.5"]
[White "Stastna, Martina"]
[Black "Mammadova, Aysel"]
[Result "0-1"]
[ECO "C64"]
[WhiteElo "1912"]
[BlackElo "1893"]
[Annotator "NA RC"]
[PlyCount "72"]
[EventDate "2022.06.19"]
[EventType "swiss"]
[EventCountry "NET"]
[SourceTitle "playchess.com"]
[Source "ChessBase"]
[SourceQuality "1"]
[TimeControl "180+2"]

1. e4 e5 2. Nf3 Nc6 3. Bb5 Nf6 4. O-O Bc5 5. c3 O-O 6. Re1 d6 7. h3 h6 8. d4 exd4 9. cxd4 Bb4 10. Nc3 Bd7 11. a3 Ba5 12. Ba4 Re8 13. Bc2 Nh7 14. Qd3 Nf8 15. b4 Bb6 16. Bb2 Qf6 17. Na4 Qg6 18. Kh1 Ne7 19. Nxb6 axb6 20. d5 f5 21. Nh4 Qh5 22. Qc3 Qf7 23. Nxf5 Nxf5 24. exf5 c6 25. dxc6 Bxc6 26. Qg3 Nh7 27. f6 Nxf6 28. Bg6 Rxe1+ 29. Rxe1 Qf8 30. Bc2 Re8 31. Rxe8 Nxe8 32. Bb3+ Kh8 33. Qg6 Nf6 34. Bxf6 Qxf6 35. Qe8+ Bxe8 36. Bc2 Bc6 0-1

[Event "Queens Festival Europe 2022"]
[Site "Tornelo"]
[Date "2022.06.19"]
[Round "4.5"]
[White "Stadlinger, Lea"]
[Black "Posadas, Rayelynn"]
[Result "1-0"]
[ECO "B41"]
[WhiteElo "1723"]
[BlackElo "1648"]
[Annotator "NA RC"]
[PlyCount "88"]
[EventDate "2022.06.19"]
[EventType "swiss"]
[EventCountry "NET"]
[SourceTitle "playchess.com"]
[Source "ChessBase"]
[SourceQuality "1"]
[TimeControl "180+2"]

1. e4 c5 2. Nf3 e6 3. d4 cxd4 4. Nxd4 a6 5. Bc4 Nf6 6. e5 Qa5+ 7. Nc3 Qxe5+ 8. Be3 Bb4 9. O-O O-O 10. Nf3 Qc7 11. Bd3 Bxc3 12. bxc3 Qxc3 13. Bd4 Qc7 14. Bxf6 gxf6 15. Nh4 Qf4 16. Qh5 f5 17. Rfe1 f6 18. Re3 Rf7 19. Rg3+ Kf8 20. Re1 Nc6 21. h3 Ne5 22. Ree3 Nxd3 23. Rxd3 b5 24. Rg6 Bb7 25. Rh6 Ke7 26. Rxh7 Raf8 27. Ng6+ Ke8 28. Nxf4 Be4 29. Rxf7 Rxf7 30. Ra3 Bb7 31. f3 Ke7 32. Kh2 e5 33. Ng6+ Ke6 34. g4 fxg4 35. hxg4 Bxf3 36. Qf5+ Kd6 37. Rxf3 Kc7 38. Qxf6 Rxf6 39. Rxf6 d6 40. Re6 Kd7 41. Nf8+ Kc6 42. g5 Kd5 43. g6 e4 44. g7 e3 1-0

[Event "Queens Festival Europe 2022"]
[Site "Tornelo"]
[Date "2022.06.19"]
[Round "4.5"]
[White "Rahimli, Ulkar"]
[Black "Caku, Kler"]
[Result "1-0"]
[ECO "D05"]
[WhiteElo "1268"]
[BlackElo "1542"]
[Annotator "NA RC"]
[PlyCount "135"]
[EventDate "2022.06.19"]
[EventType "swiss"]
[EventCountry "NET"]
[SourceTitle "playchess.com"]
[Source "ChessBase"]
[SourceQuality "1"]
[TimeControl "180+2"]

1. d4 d5 2. Nf3 e6 3. e3 Nf6 4. Bd3 Nbd7 5. O-O b6 6. b3 Be7 7. Bb2 Bb7 8. Nbd2 Ne4 9. Ne5 Nxe5 10. dxe5 Nc5 11. Be2 O-O 12. f4 Nd7 13. Nf3 c5 14. c4 Qc7 15. cxd5 Bxd5 16. Bd3 Rad8 17. Qe2 Rfe8 18. Rad1 Nf8 19. Qf2 Qb7 20. Qg3 b5 21. Ng5 Bxg5 22. fxg5 c4 23. Bc2 b4 24. Bd4 cxb3 25. axb3 a5 26. Qh4 Ng6 27. Qg3 Be4 28. Bxe4 Qxe4 29. Qf2 Re7 30. Bc5 Rxd1 31. Rxd1 Re8 32. Rd7 Qb1+ 33. Qf1 Qxf1+ 34. Kxf1 Nxe5 35. Ra7 h6 36. gxh6 gxh6 37. Rxa5 Nd3 38. Rb5 Nxc5 39. Rxc5 Rb8 40. Rc4 Kg7 41. Ke2 Kg6 42. Kf3 Kf5 43. g4+ Ke5 44. h4 Kd5 45. e4+ Ke5 46. Rc5+ Kd6 47. Rc4 Ke5 48. Rc7 Kf6 49. Kf4 Kg7 50. e5 Rb5 51. Ke4 Rd5 52. Rc4 Rb5 53. Kd4 Kg6 54. Rc5 Rb7 55. Kc4 h5 56. Rb5 Rc7+ 57. Rc5 Rd7 58. gxh5+ Kxh5 59. Kxb4 Kxh4 60. Rc4+ Kg5 61. Ka5 Kf5 62. Rc5 Ra7+ 63. Kb6 Ra3 64. b4 Re3 65. b5 Rd3 66. Kc6 Rd8 67. b6 f6 68. Kc7 1-0

[Event "Queens Festival Europe 2022"]
[Site "Tornelo"]
[Date "2022.06.19"]
[Round "4.6"]
[White "Kanyamarala, Trisha"]
[Black "Smith, Olivia"]
[Result "1-0"]
[ECO "A52"]
[WhiteElo "2127"]
[BlackElo "2039"]
[Annotator "NA RC"]
[PlyCount "51"]
[EventDate "2022.06.19"]
[EventType "swiss"]
[EventCountry "NET"]
[SourceTitle "playchess.com"]
[Source "ChessBase"]
[SourceQuality "1"]
[TimeControl "180+2"]

1. d4 Nf6 2. c4 e5 3. dxe5 Ng4 4. Bf4 Nc6 5. Nf3 Bb4+ 6. Nbd2 Qe7 7. e3 Ngxe5 8. Be2 Nxf3+ 9. Bxf3 Ne5 10. Be2 Ng6 11. Bg3 O-O 12. O-O Bd6 13. Bxd6 Qxd6 14. Rc1 Qe5 15. b4 Nh4 16. Nf3 Qe7 17. Nxh4 Qxh4 18. Bf3 a5 19. b5 d6 20. c5 dxc5 21. Rxc5 Qe7 22. Qc2 Be6 23. Rxc7 Qh4 24. Bxb7 Rad8 25. Bf3 h6 26. b6 1-0

[Event "Queens Festival Europe 2022"]
[Site "Tornelo"]
[Date "2022.06.19"]
[Round "4.6"]
[White "Roy, Ali"]
[Black "Cassi, Elisa"]
[Result "1-0"]
[ECO "A07"]
[WhiteElo "1893"]
[BlackElo "1999"]
[Annotator "NA RC"]
[PlyCount "53"]
[EventDate "2022.06.19"]
[EventType "swiss"]
[EventCountry "NET"]
[SourceTitle "playchess.com"]
[Source "ChessBase"]
[SourceQuality "1"]
[TimeControl "180+2"]

1. Nf3 d5 2. g3 Nf6 3. Bg2 c6 4. O-O Bg4 5. d3 Nbd7 6. Nbd2 e6 7. e4 Bd6 8. Qe1 Qc7 9. b3 O-O 10. Bb2 dxe4 11. dxe4 e5 12. Nc4 Rfe8 13. Nxd6 Qxd6 14. c4 Nc5 15. Rd1 Qc7 16. h3 Bh5 17. g4 Bg6 18. Nxe5 Rxe5 19. Bxe5 Qxe5 20. f4 Qb2 21. Rd2 Qc3 22. Rd8+ Rxd8 23. Qxc3 Nfxe4 24. Qe5 f6 25. Qc7 Rd7 26. Qc8+ Kf7 27. f5 1-0

[Event "Queens Festival Europe 2022"]
[Site "Tornelo"]
[Date "2022.06.19"]
[Round "4.6"]
[White "Pyun, Lindsay"]
[Black "Ahmadova, Minaya"]
[Result "1-0"]
[ECO "B13"]
[WhiteElo "1526"]
[BlackElo "1285"]
[Annotator "NA RC"]
[PlyCount "145"]
[EventDate "2022.06.19"]
[EventType "swiss"]
[EventCountry "NET"]
[SourceTitle "playchess.com"]
[Source "ChessBase"]
[SourceQuality "1"]
[TimeControl "180+2"]

1. e4 c6 2. d4 d5 3. exd5 cxd5 4. Bd3 g6 5. Nf3 Bg7 6. c3 Nf6 7. Bf4 O-O 8. h3 Nc6 9. O-O b6 10. Re1 e6 11. Nbd2 Bb7 12. Nf1 Rc8 13. Qd2 Re8 14. Bh6 a6 15. Bxg7 Kxg7 16. Ne5 Qe7 17. Nh2 Nd7 18. Nhf3 Ndxe5 19. Nxe5 Nxe5 20. Rxe5 b5 21. a4 Bc6 22. axb5 Bxb5 23. Ree1 Ra8 24. Ra2 Qb7 25. Rea1 Bxd3 26. Qxd3 Rec8 27. Rxa6 Rxa6 28. Qxa6 Qc7 29. Qa7 Qd6 30. Qa6 Qd7 31. Qa4 Qd6 32. Rc1 Rb8 33. b4 Rc8 34. Qb3 Qf4 35. Ra1 Qd6 36. b5 Rb8 37. Ra6 Qf4 38. g3 Qc1+ 39. Kg2 Qe1 40. c4 Qe4+ 41. Kg1 Qxd4 42. cxd5 Qxd5 43. Qxd5 exd5 44. b6 Kf6 45. Kf1 Ke7 46. Ke2 Kd6 47. b7+ Kc7 48. Rf6 Rf8 49. Kd3 Kxb7 50. Kd4 h5 51. Kxd5 Rd8+ 52. Ke5 Re8+ 53. Kf4 Re7 54. Kg5 Kc7 55. Kh6 Kd7 56. Kg7 Ke8 57. g4 hxg4 58. hxg4 Rd7 59. Kh6 Re7 60. g5 Re5 61. f4 Re7 62. Kg7 Rd7 63. Ra6 Ke7 64. Rf6 Ke8 65. Rb6 Ke7 66. Rb4 Rd6 67. Re4+ Re6 68. Rb4 Ke8 69. Rb8+ Ke7 70. Rb7+ Ke8 71. Rxf7 Re4 72. Rf6 Re7+ 73. Kxg6 1-0

[Event "Queens Festival Europe 2022"]
[Site "Tornelo"]
[Date "2022.06.19"]
[Round "4.7"]
[White "Steffensen, Elena"]
[Black "Tsakona, Maria"]
[Result "0-1"]
[ECO "B11"]
[WhiteElo "2044"]
[BlackElo "2007"]
[Annotator "NA RC"]
[PlyCount "94"]
[EventDate "2022.06.19"]
[EventType "swiss"]
[EventCountry "NET"]
[SourceTitle "playchess.com"]
[Source "ChessBase"]
[SourceQuality "1"]
[TimeControl "180+2"]

1. e4 c6 2. Nc3 d5 3. Nf3 Bg4 4. h3 Bxf3 5. Qxf3 e6 6. d3 Nf6 7. Bg5 Bb4 8. e5 h6 9. exf6 hxg5 10. fxg7 Rg8 11. Qg4 d4 12. a3 Qa5 13. Qxd4 c5 14. Qc4 b5 15. Qb3 Nc6 16. O-O-O Nd4 17. Qa2 Bxc3 18. bxc3 Qxc3 19. Qb2 Qa5 20. c3 Nc6 21. d4 c4 22. d5 Ne5 23. dxe6 fxe6 24. Re1 Nd7 25. Rxe6+ Kf7 26. Rd6 Nc5 27. Rd5 Nb3+ 28. Kb1 Rad8 29. Bxc4 bxc4 30. Rxa5 Nxa5 31. Ka2 Nb3 32. Re1 Rd2 33. Re4 Rxb2+ 34. Kxb2 Rxg7 35. Rxc4 Na5 36. Rc5 Nb7 37. Rc7+ Kf6 38. Rc6+ Ke5 39. Ra6 Nc5 40. Ra5 Kd5 41. Kc2 Kc4 42. g3 Re7 43. f4 Re2+ 44. Kd1 Rg2 45. Rxa7 gxf4 46. gxf4 Kd3 47. Ke1 Ne4 0-1

[Event "Queens Festival Europe 2022"]
[Site "Tornelo"]
[Date "2022.06.19"]
[Round "4.7"]
[White "Shabanaj, Eglantina"]
[Black "Arora, Tashika"]
[Result "1-0"]
[ECO "A07"]
[WhiteElo "1986"]
[BlackElo "1822"]
[Annotator "NA RC"]
[PlyCount "85"]
[EventDate "2022.06.19"]
[EventType "swiss"]
[EventCountry "NET"]
[SourceTitle "playchess.com"]
[Source "ChessBase"]
[SourceQuality "1"]
[TimeControl "180+2"]

1. Nf3 d5 2. g3 Nf6 3. Bg2 e6 4. d3 Be7 5. c3 O-O 6. Nbd2 b6 7. Qc2 Bb7 8. O-O c5 9. Re1 Nc6 10. e4 Rc8 11. Nf1 d4 12. Bg5 h6 13. Bxf6 Bxf6 14. e5 Be7 15. N3d2 b5 16. a3 a6 17. Ne4 Qc7 18. f4 Rfd8 19. Rad1 Bf8 20. g4 Ne7 21. Nfg3 Nd5 22. Qf2 dxc3 23. bxc3 c4 24. d4 Bxa3 25. f5 exf5 26. Nxf5 Ne7 27. Nfd6 Bxe4 28. Qxf7+ Kh8 29. Rxe4 Bxd6 30. exd6 Qxd6 31. Rxe7 Rg8 32. Re6 Qa3 33. Be4 g6 34. Rxg6 Rxg6 35. Qxg6 Qe7 36. Qxh6+ Kg8 37. Bd5+ Qf7 38. Qg6+ Kh8 39. Qxf7 Rb8 40. Rf1 Rc8 41. Qh5+ Kg7 42. Rf7+ Kg8 43. Qh7# 1-0

[Event "Queens Festival Europe 2022"]
[Site "Tornelo"]
[Date "2022.06.19"]
[Round "4.7"]
[White "Thornton, Filipina"]
[Black "Egger, Stefanie"]
[Result "1-0"]
[ECO "B48"]
[WhiteElo "1660"]
[BlackElo "1700"]
[Annotator "NA RC"]
[PlyCount "103"]
[EventDate "2022.06.19"]
[EventType "swiss"]
[EventCountry "NET"]
[SourceTitle "playchess.com"]
[Source "ChessBase"]
[SourceQuality "1"]
[TimeControl "180+2"]

1. e4 c5 2. Nf3 Nc6 3. d4 cxd4 4. Nxd4 e6 5. Nc3 Nf6 6. Be3 Qc7 7. f3 a6 8. Qd2 Bb4 9. a3 Be7 10. g4 Nxd4 11. Bxd4 e5 12. Be3 b5 13. Nd5 Nxd5 14. exd5 d6 15. Bd3 Bb7 16. Be4 Rc8 17. c3 Bh4+ 18. Ke2 Qc4+ 19. Qd3 h6 20. Qxc4 bxc4 21. Bf2 Bg5 22. Be3 Ke7 23. h4 Bxe3 24. Kxe3 g6 25. f4 Rc5 26. Rad1 f5 27. gxf5 gxf5 28. Bxf5 Rxd5 29. Rxd5 Bxd5 30. Rd1 Be6 31. Be4 Rb8 32. Rd2 exf4+ 33. Kxf4 d5 34. Bg6 Kd6 35. h5 Rf8+ 36. Ke3 Bf5 37. Kd4 Bxg6 38. hxg6 Rg8 39. Rg2 h5 40. g7 h4 41. Rg6+ Kd7 42. Kxd5 h3 43. Kxc4 h2 44. Rh6 Rxg7 45. Rxh2 Rg6 46. Rh7+ Kc6 47. b4 Kb6 48. a4 Kc6 49. a5 Rg4+ 50. Kb3 Rg3 51. Rh6+ Kb5 52. Rb6# 1-0

[Event "Queens Festival Europe 2022"]
[Site "Tornelo"]
[Date "2022.06.19"]
[Round "4.7"]
[White "Helgadottir, Idunn"]
[Black "Tani, Selina"]
[Result "1-0"]
[ECO "D05"]
[WhiteElo "1570"]
[BlackElo "1146"]
[Annotator "NA RC"]
[PlyCount "31"]
[EventDate "2022.06.19"]
[EventType "swiss"]
[EventCountry "NET"]
[SourceTitle "playchess.com"]
[Source "ChessBase"]
[SourceQuality "1"]
[TimeControl "180+2"]

1. d4 d5 2. Nf3 e6 3. e3 c5 4. b3 Nf6 5. Bd3 Nc6 6. a3 Bd7 7. Bb2 Be7 8. Nbd2 O-O 9. O-O a6 10. Ne5 Nxe5 11. dxe5 Ne8 12. f4 f6 13. Qh5 Nc7 14. Bxh7+ Kh8 15. Bg6+ Kg8 16. Qh7# 1-0

[Event "Queens Festival Europe 2022"]
[Site "Tornelo"]
[Date "2022.06.19"]
[Round "4.8"]
[White "Maksimovic, Suzana"]
[Black "Ayzenberg, Alena"]
[Result "0-1"]
[ECO "E46"]
[WhiteElo "2145"]
[BlackElo "2016"]
[Annotator "NA RC"]
[PlyCount "60"]
[EventDate "2022.06.19"]
[EventType "swiss"]
[EventCountry "NET"]
[SourceTitle "playchess.com"]
[Source "ChessBase"]
[SourceQuality "1"]
[TimeControl "180+2"]

1. d4 Nf6 2. c4 e6 3. Nc3 Bb4 4. e3 c5 5. Nge2 cxd4 6. exd4 O-O 7. a3 Be7 8. Ng3 d5 9. cxd5 exd5 10. Bd3 Nc6 11. Be3 Na5 12. O-O Nc4 13. Bc1 Be6 14. Nf5 Bxf5 15. Bxf5 Nd6 16. f3 Nxf5 17. Qd3 Qd7 18. Re1 Rfe8 19. Bg5 h6 20. Bd2 Rac8 21. Re5 Nh4 22. Rae1 Ng6 23. R5e2 Bf8 24. h3 Rxe2 25. Nxe2 Re8 26. Rc1 a6 27. Ng3 Bd6 28. Nf5 Bf4 29. Rc2 Bxd2 30. Qxd2 Qxf5 0-1

[Event "Queens Festival Europe 2022"]
[Site "Tornelo"]
[Date "2022.06.19"]
[Round "4.8"]
[White "Mdivani, Maka"]
[Black "Can, Isil"]
[Result "0-1"]
[ECO "C44"]
[WhiteElo "1901"]
[BlackElo "1901"]
[Annotator "NA RC"]
[PlyCount "58"]
[EventDate "2022.06.19"]
[EventType "swiss"]
[EventCountry "NET"]
[SourceTitle "playchess.com"]
[Source "ChessBase"]
[SourceQuality "1"]
[TimeControl "180+2"]

1. e4 e5 2. Nf3 Nc6 3. d3 Nf6 4. c4 Bc5 5. h3 a5 6. Nc3 d6 7. Bg5 h6 8. Bh4 Ne7 9. Be2 c6 10. Qd2 Ng6 11. Bg3 Bd7 12. d4 exd4 13. Nxd4 O-O 14. Rd1 Qe7 15. Nf5 Bxf5 16. exf5 Ne5 17. O-O Bb4 18. a3 Ne4 19. Qe3 Nxg3 20. Qxg3 Bxc3 21. Qxc3 Rad8 22. Rfe1 Qf6 23. Qc2 Rfe8 24. b4 axb4 25. axb4 Ra8 26. c5 d5 27. f4 Nd7 28. Bg4 Rxe1+ 29. Rxe1 Qd4+ 0-1

[Event "Queens Festival Europe 2022"]
[Site "Tornelo"]
[Date "2022.06.19"]
[Round "4.8"]
[White "Ostafiev, Cristina"]
[Black "Bruntse, Caroline Lindegaard"]
[Result "0-1"]
[ECO "B50"]
[WhiteElo "1173"]
[BlackElo "1503"]
[Annotator "NA RC"]
[PlyCount "34"]
[EventDate "2022.06.19"]
[EventType "swiss"]
[EventCountry "NET"]
[SourceTitle "playchess.com"]
[Source "ChessBase"]
[SourceQuality "1"]
[TimeControl "180+2"]

1. e4 c5 2. Nc3 d6 3. Bc4 Nc6 4. d3 g6 5. Nf3 Nf6 6. Ng5 e6 7. Nf3 Bg7 8. Bg5 O-O 9. g4 h6 10. Bxf6 Bxf6 11. h4 a6 12. h5 b5 13. Bb3 g5 14. Nh2 Rb8 15. Qd2 a5 16. a3 Nd4 17. f4 Bb7 0-1

[Event "Queens Festival Europe 2022"]
[Site "Tornelo"]
[Date "2022.06.19"]
[Round "4.9"]
[White "Grimaldi, Angela Flavia"]
[Black "Stewart-Bermann, Tanya"]
[Result "1-0"]
[ECO "B52"]
[WhiteElo "1995"]
[BlackElo "1863"]
[Annotator "NA RC"]
[PlyCount "97"]
[EventDate "2022.06.19"]
[EventType "swiss"]
[EventCountry "NET"]
[SourceTitle "playchess.com"]
[Source "ChessBase"]
[SourceQuality "1"]
[TimeControl "180+2"]

1. e4 c5 2. Nf3 d6 3. Bb5+ Bd7 4. Bxd7+ Qxd7 5. c4 Nc6 6. d4 cxd4 7. Nxd4 Nf6 8. Nc3 g6 9. f3 Bg7 10. Be3 O-O 11. Rc1 a6 12. O-O Rac8 13. b3 Nxd4 14. Bxd4 Nh5 15. Nd5 Rc6 16. Bxg7 Nxg7 17. Qd2 Ne8 18. Qg5 e6 19. Ne7+ Kg7 20. Nxc6 Qxc6 21. Rfd1 h6 22. Qe7 Qc5+ 23. Kh1 h5 24. Qxb7 h4 25. b4 Qf2 26. Rf1 Qe3 27. Rce1 Qd4 28. e5 dxe5 29. Qe4 Qb2 30. Qxe5+ Qxe5 31. Rxe5 h3 32. gxh3 Nf6 33. Ra5 Rb8 34. a3 Rb6 35. c5 Rc6 36. Rd1 Nd5 37. Kg1 Nc3 38. Rd3 Ne2+ 39. Kf2 Nf4 40. Rd6 Rc8 41. Raxa6 Nxh3+ 42. Kg3 Ng5 43. h4 Nh7 44. Ra7 Nf6 45. Rb6 Nd5 46. Rbb7 Rf8 47. c6 e5 48. c7 Nxc7 49. Rxc7 1-0

[Event "Queens Festival Europe 2022"]
[Site "Tornelo"]
[Date "2022.06.19"]
[Round "4.13"]
[White "Hariharan, Shambavi"]
[Black "Sainbayar, Anuurai"]
[Result "1-0"]
[ECO "D02"]
[WhiteElo "1517"]
[BlackElo "1512"]
[Annotator "NA RC"]
[PlyCount "57"]
[EventDate "2022.06.19"]
[EventType "swiss"]
[EventCountry "NET"]
[SourceTitle "playchess.com"]
[Source "ChessBase"]
[SourceQuality "1"]
[TimeControl "180+2"]

1. d4 e6 2. Bf4 c5 3. e3 Nf6 4. c3 Nc6 5. Nd2 Be7 6. Ngf3 d5 7. h3 O-O 8. Be2 b6 9. O-O Bb7 10. Re1 Ne4 11. Nxe4 dxe4 12. Nd2 f5 13. Bc4 Qd7 14. Qb3 Na5 15. Bxe6+ Qxe6 16. Qxe6+ Rf7 17. Nc4 Bc8 18. Qd5 Bb7 19. Qd7 Bc6 20. Qe6 Nxc4 21. Qxc4 Rc8 22. dxc5 Bb7 23. Qe2 Rxc5 24. Rad1 Ra5 25. a3 Ba6 26. Qc2 Bc4 27. b3 Be6 28. c4 Rxa3 29. Ra1 1-0

[Event "Queens Festival Europe 2022"]
[Site "Tornelo"]
[Date "2022.06.19"]
[Round "4.21"]
[White "Robson, Caroline J"]
[Black "Ismayilova, Salbinaz"]
[Result "0-1"]
[ECO "C70"]
[WhiteElo "1546"]
[BlackElo "1090"]
[Annotator "NA RC"]
[PlyCount "104"]
[EventDate "2022.06.19"]
[EventType "swiss"]
[EventCountry "NET"]
[SourceTitle "playchess.com"]
[Source "ChessBase"]
[SourceQuality "1"]
[TimeControl "180+2"]

1. e4 e5 2. Nf3 Nc6 3. Bb5 a6 4. Ba4 Bc5 5. O-O d6 6. h3 Nf6 7. d3 O-O 8. Re1 b5 9. Bb3 Na5 10. c3 Nxb3 11. axb3 Be6 12. d4 exd4 13. cxd4 Bb4 14. Nc3 c6 15. Bg5 h6 16. Bxf6 Qxf6 17. e5 dxe5 18. dxe5 Qe7 19. Qe2 Rfe8 20. Nd4 Qc7 21. Nxe6 Rxe6 22. Qg4 Rxe5 23. Qxb4 Rxe1+ 24. Rxe1 c5 25. Qe4 Rd8 26. Nd5 Qd6 27. Nf4 Qd2 28. Qe2 Qxf4 29. Qe7 Qd4 30. Qe2 Qd6 31. Qe3 Kh7 32. Qe4+ Kg8 33. Qf3 Qb6 34. Qf4 Qd6 35. Qe3 Kf8 36. Qe2 Qd7 37. Qe3 Qd6 38. Kh1 Kg8 39. f4 Qd2 40. Qxd2 Rxd2 41. Re8+ Kh7 42. Re3 Rxb2 43. g4 a5 44. f5 a4 45. bxa4 bxa4 46. Ra3 Rb4 47. Kg2 c4 48. Kf2 g6 49. Ke3 gxf5 50. gxf5 Kg7 51. Kd4 Kf6 52. Ke4 Rb3 0-1

[Event "Queens Festival Europe 2022"]
[Site "Tornelo"]
[Date "2022.06.19"]
[Round "5.1"]
[White "Okuyaz, Duru"]
[Black "Machlik, Monika"]
[Result "1/2-1/2"]
[ECO "B16"]
[WhiteElo "2090"]
[BlackElo "2134"]
[Annotator "NA RC"]
[PlyCount "96"]
[EventDate "2022.06.19"]
[EventType "swiss"]
[EventCountry "NET"]
[SourceTitle "playchess.com"]
[Source "ChessBase"]
[SourceQuality "1"]
[TimeControl "180+2"]

1. e4 c6 2. Nc3 d5 3. Nf3 Bg4 4. Be2 e6 5. d4 dxe4 6. Nxe4 Nf6 7. Nxf6+ gxf6 8. h3 Bh5 9. Bf4 Bd6 10. Qd2 Qc7 11. Bxd6 Qxd6 12. O-O-O Nd7 13. Rhe1 O-O-O 14. Qa5 Bxf3 15. Bxf3 Kb8 16. Re3 Qc7 17. Qb4 Nb6 18. Ra3 Nd5 19. Qa4 a6 20. c4 Ne7 21. Qb4 Ka8 22. Kb1 Rd7 23. Ra5 Rhd8 24. Rh5 Rxd4 25. Rxd4 Rxd4 26. Rxh7 c5 27. Qc3 Ng6 28. Rg7 Nh4 29. a3 Nxf3 30. Qxf3 f5 31. g4 fxg4 32. hxg4 Rd7 33. g5 Ka7 34. Qe3 Qd6 35. g6 fxg6 36. Rxg6 Qd1+ 37. Ka2 Qd4 38. Qxd4 Rxd4 39. Rxe6 Rxc4 40. Re1 Rf4 41. Rf1 Kb6 42. Kb3 Kc6 43. Kc3 Kd5 44. Kd3 b5 45. Ke3 Re4+ 46. Kd3 Rf4 47. Ke3 Re4+ 48. Kd3 Rf4 1/2-1/2